 Dungeon Sprint DCSS version 0.28-a0-313-gbc0475efdd (webtiles) character file.

Game seed: 12202514458077324961

165 Ankalagon the Cudgeller (level 5, 0/41 (43) HPs)
             Began as a Palentonga Fighter on Aug 31, 2021.
             Slain by a necrophage (6 damage)
             ... in the Dungeon (Sprint II: "The Violet Keep of Menkaure").
             The game lasted 00:00:18 (30 turns).

Ankalagon the Cudgeller (Palentonga Fighter)          Turns: 30, Time: 00:00:18

HP:   0/41 (43)     AC:  6    Str: 20    XL:     5   Next: 22%
MP:   5/5           EV:  6    Int:  8    God:
Gold: 0             SH:  9    Dex: 10    Spells: 4/4 levels left

rFire   . . .      SeeInvis +   a - +0 flail
rCold   . . .      Faith    .   c - +0 kite shield
rNeg    . . .      Spirit   .   b - +0 scale mail
rPois   .          Reflect  .   (no helmet)
rElec   .          Harm     .   (no cloak)
rCorr   .          Rampage  .   (no gloves)
Will    .....      NoTele   +   (no barding)
Stlth   ..........              (no amulet)
HPRegen 0.13/turn               (no ring)
MPRegen 0.09/turn               (no ring)

@: on berserk cooldown, slowed, lightly drained, very slow
A: large, rugged brown scales 3, see invisible, deformed body, roll 1, armoured
tail
a: Rolling Charge


You were in the Dungeon.
You visited 1 branch

Inventory:

Hand Weapons
 a - a +0 flail (weapon)
Armour
 b - a +0 scale mail (worn)
 c - a +0 kite shield (worn)
Scrolls
 j - a scroll of blinking
Potions
 d - a potion of might
 e - a potion of curing
 g - a potion of haste
 h - 2 potions of magic


   Skills:
 - Level 3.0 Fighting
 + Level 7.8 Maces & Flails
 - Level 2.4 Armour
 + Level 6.8 Shields


You had 4 spell levels left.
You didn't know any spells.
Your spell library was empty.

Dungeon Overview and Level Annotations

Branches:
Dungeon (1/1)

Altars:


Innate Abilities, Weirdness & Mutations

You are completely covered in rugged brown scales. (AC +3, +7% HP)
You have supernaturally acute eyesight. (SInv)
Armour fits poorly on your strangely shaped body.
You can roll at nearby foes to attack.
You have a long armoured tail.


Message History

You block the necrophage's attack.
Your life force feels restored.
Your Maces & Flails skill increases to level 7!
Your Shields skill increases to level 6!
You have reached level 5!
You feel much better. The necrophage hits you.
You completely miss the necrophage. You tail-slap the necrophage!
The necrophage is moderately damaged.
The necrophage hits you. x2
You closely miss the necrophage.
The necrophage is moderately damaged.
You block the necrophage's attack. The necrophage hits you.
You sock the necrophage!
The necrophage is heavily damaged.
The necrophage hits you but does no damage.
You closely miss the necrophage.
The necrophage is heavily damaged.
The necrophage closely misses you. The necrophage hits you.
* * * LOW HITPOINT WARNING * * *
You feel drained.
You hit the necrophage but do no damage.
The necrophage is heavily damaged.
You block the necrophage's attack. The necrophage hits you.
* * * LOW HITPOINT WARNING * * *
You hit the necrophage.
The necrophage is severely damaged.
You block the necrophage's attack.
You hit the necrophage but do no damage.
The necrophage is severely damaged.
The necrophage hits you but does no damage.
The necrophage hits you.
* * * LOW HITPOINT WARNING * * *
You hit the necrophage but do no damage.
You tail-slap the necrophage.
The necrophage is severely damaged.
The necrophage hits you but does no damage.
You sock the necrophage!
You destroy the necrophage!
The necrophage hits you.
You die...

# #+# .##
##.##...#
+.<@n$#
##.##...#
#+# .## #


You could see a necrophage.

Vanquished Creatures
  3 necrophages (D)
3 creatures vanquished.

Notes
Turn   | Place    | Note
-------+----------+-------------------------------------------
     0 | D        | Ankalagon the Palentonga Fighter began the quest for the
                  | Orb.
     0 | D        | Reached XP level 1. HP: 19/19 MP: 1/1
     1 | D        | Noticed a necrophage
     1 | D        | Noticed a necrophage
     1 | D        | Noticed a necrophage
     1 | D        | Noticed a necrophage
    10 | D        | Killed a necrophage
    11 | D        | Reached skill level 6 in Maces & Flails
    11 | D        | Reached skill level 5 in Shields
    11 | D        | Reached XP level 2. HP: 25/25 MP: 2/2
    11 | D        | Reached XP level 3. HP: 31/31 MP: 3/3
    11 | D        | Reached XP level 4. HP: 37/37 MP: 4/4
    18 | D        | HP: 1/33 [necrophage (1)]
    20 | D        | Killed a necrophage
    21 | D        | Reached skill level 7 in Maces & Flails
    21 | D        | Reached XP level 5. HP: 2/43 MP: 5/5
    30 | D        | Killed a necrophage
    30 | D        | Slain by a necrophage

Illustrated notes

Levels and vault maps discovered:
D:        the_violet_keep_of_menkaure [sprint2_stairs_cluster_1,
          sprint2_shoproom, sprint2_temple, sprint2_basic_supplies,
          sprint2_obstacle_2, sprint2_obstacle_6, sprint2_obstacle_5,
          sprint2_obstacle_1, sprint2_obstacle_3, sprint2_timed_cluster_1,
          sprint2_smallroom_cluster_1, sprint2_smallroom_final_cluster_1,
          sprint2_transparent_cluster_1, sprint2_second_timed_cluster_1,
          sprint2_sniper_area_1, sprint2_heavy_combat_area_1,
          sprint2_mutation_trap_area_1, sprint2_forest_area_1,
          sprint2_light_combat_area_1, sprint2_behind_water_1,
          sprint2_near_end_vault_1]

Skill      XL: |  1  2  3  4 |
---------------+-------------+-----
Maces & Flails | 6 7 |  7.8
Shields        | 5 6 |  6.8
Fighting       | |  3.0
Armour         | |  2.4

Action                   |  1- 3 |  4- 6 || total
-------------------------+-------+-------++-------
Melee: Flail             |     7 |    19 ||    26
       Tailslap          |       |     2 ||     2
  Use: Potion            |     1 |     1 ||     2
Armor: Scale mail        |     2 |     4 ||     6
Dodge: Dodged            |       |     4 ||     4
Block: Kite shield       |     4 |     6 ||    10

Table legend: (Time is in decaauts)
 A = Elapsed time spent in this place.
 B = Non-inter-level travel time spent in this place.
 C = Inter-level travel time spent in this place.
 D = Time resting spent in this place.
 E = Time spent auto-exploring this place.
 F = Levels seen in this place.
 G = Mean time per level.
                   A        B        C        D        E       F      G
               +--------+--------+--------+--------+--------+-----+--------+
         Total |     41 |     41 |      0 |      0 |      0 |   1 |   41.0 |
       Dungeon |     41 |     41 |      0 |      0 |      0 |   1 |   41.0 |
               +--------+--------+--------+--------+--------+-----+--------+

Top non-repeatable levels by time:
       D: 41 daAuts
